AoeStats
← Capt_Obv

Arena

509221842Analyzed
1v1 RM · 6d ago on Sep 26, 2026· 68m 29s· 2 players
Game mode
Random Map
Map size
Tiny (2 player)
Population
200
Speed
Normal
Resources
Standard
Victory
Conquest
Starting age
Dark Age
Ending age
Imperial Age
RankedLock teamsTeams togetherTeam positionsShared explorationLock speedFull tech treeHidden civsTurbo modeCheats
Victory
Defeat
🇺🇸 Turks · United States
313
+7
🇺🇸 Celts · United States
101
-7
Capt_Obv
11:50 Feudal Age
13:48 Horse Collar
16:10 Double-Bit Axe
21:04 Castle Age
20:38 Man-at-Arms
23:15 Loom
27:09 Bow Saw
26:53 Gold Mining
27:44 Long Swordsman
30:45 Pikeman
30:51 Pikeman
31:17 Arson
31:18 Gambesons
31:48 Arson
38:11 Imperial Age
36:05 Stronghold
38:00 Gambesons
41:24 Two-Handed Swordsman
41:25 Halberdier
43:11 Wheelbarrow
44:24 Champion
49:21 Cavalier
50:04 Husbandry
50:30 Light Cavalry
51:46 Elite Skirmisher
51:47 Crossbowman
51:48 Heavy Mounted Crossbowman
51:55 Capped Ram
55:35 Heavy Scorpion
55:44 Onager
57:10 Onager
57:11 Siege Ram
60:55 Heavy Plow
60:45 Paladin
61:26 Husbandry
60:47 Light Cavalry
muddred12
14:23 Feudal Age
23:32 Castle Age
30:12 Town Watch
30:13 Loom
30:56 Gold Mining
30:57 Stone Mining
30:50 Horse Collar
31:01 Double-Bit Axe
37:49 Imperial Age
39:25 Bombard Tower
39:17 Fortified Wall
40:01 Conscription
46:54 Heavy Camel Rider
49:34 Hoardings
50:30 Ballistics
49:53 Treadmill Crane
52:06 Artillery
51:37 Crossbowman
58:38 Padded Archer Armor
58:38 Scale Mail Armor
58:49 Forging
58:30 Fletching
58:45 Scale Barding Armor
59:44 Masonry
62:01 Elite Janissary
Connection lost

Rejoining the realm…

Still unreachable

The connection could not be restored.

Session expired

The server has moved on; the page needs a fresh start.